 Dungeon Crawl Stone Soup version 0.30.1-11-g7821555f0a (webtiles) character file.

Game seed: 11516536428829751485

7 KyoPewz the Vexing (level 1, 0/7 HPs)
             Began as a Felid Enchanter on Dec 13, 2023.
             Slain by a jackal (3 damage)
             ... on level 1 of the Dungeon.
             The game lasted 00:00:29 (192 turns).

KyoPewz the Vexing (Felid Enchanter)                 Turns: 192, Time: 00:00:30

Health: 0/7        AC:  1    Str:  4    XL:     1   Next: 83%
Magic:  4/4        EV: 17    Int: 16    God:
Gold:   34         SH:  0    Dex: 16    Spells: 4/4 levels left
                                        Lives:  0   Deaths: 0

rFire   . .          .
                       - Unarmed
rCold   . . .        (shield unavailable)
rNeg    . . .        (body armour unavailable)
rPois   .            (helmet unavailable)
rElec   .            (cloak unavailable)
rCorr   .            (gloves unavailable)
SInv    +            (boots unavailable)
Will    .....        (no amulet)
Stlth   +++          (no ring)
HPRegen 0.21/turn    (no ring)
MPRegen 0.09/turn

%: no passive effects
@: quick
A: very small, claws 1, fangs 3, see invisible, speed 1, shaggy fur 1, stealthy
paws, no weapons or thrown items, no armour, multi-lived
a: no special abilities


You were on level 1 of the Dungeon.
You visited 1 branch of the dungeon, and saw 1 of its levels.

You collected 34 gold pieces.

Inventory:

Scrolls
 b - 2 scrolls of identify {unknown}
 c - a scroll of teleportation {unknown}
 d - a scroll of butterflies {unknown}
Potions
 a - 2 potions of invisibility
 e - a potion of curing {unknown}
 f - a potion of haste {unknown}


   Skills:
 + Level 2.9 Dodging
 + Level 4.1 Stealth
 + Level 1.2 Unarmed Combat
 + Level 2.1 Spellcasting
 + Level 4.5 Hexes


You had 4 spell levels left.
You didn't know any spells.
Your spell library contained the following spells:

 Spells                   Type           Power      Damage    Failure   Level
 Confusing Touch          Hex            16%        N/A       10%         3
 Tukima's Dance           Hex            16%        N/A       10%         3
 Ensorcelled Hibernation  Hex/Ice        16%        N/A       12%         2
 Dazzling Flash           Conj/Hex       16%        N/A       24%         3


Dungeon Overview and Level Annotations

Branches:
Dungeon (1/15)

Altars:


Innate Abilities, Weirdness & Mutations

You have sharp claws.
You have razor-sharp teeth.
You have supernaturally acute eyesight. (SInv)
You cover ground quickly. (Speed+)
You are covered in fur. (AC +1)
Your paws help you pounce on unaware monsters.
You are incapable of wielding weapons or throwing items.
You cannot wear armour.
You gain extra lives every three experience levels.


Message History

You kill the giant cockroach!
Found a stone staircase leading down.
You barely miss the hobgoblin. The hobgoblin barely misses you.
You scratch the hobgoblin.
The hobgoblin is heavily wounded.
The jackal closely misses you. The jackal bites you. The hobgoblin misses you.
You scratch the hobgoblin.
You kill the hobgoblin!
The jackal completely misses you.
You scratch the jackal.
The jackal is moderately wounded.
The jackal closely misses you.
A hobgoblin comes into view.
The jackal completely misses you.
The hobgoblin shouts!
You scratch the jackal.
You kill the jackal!
The jackal misses you.
You scratch the jackal.
The jackal is lightly wounded.
The jackal bites you.
You take 2 damage, and have 4/7 hp.
MASSIVE DAMAGE!!
You barely miss the jackal.
The jackal is lightly wounded.
The jackal misses you.
You closely miss the jackal. The jackal closely misses you.
The jackal misses you.
You closely miss the jackal. The jackal misses you.
You closely miss the jackal. The jackal barely misses you.
You scratch the jackal but do no damage.
The jackal misses you. The jackal bites you.
* * * LOW HITPOINT WARNING * * *
You take 3 damage, and have 2/7 hp.
MASSIVE DAMAGE!!
You are too injured to fight recklessly!
The jackal attacks as you move away! The jackal misses you.
The jackal misses you.
You see here 3 stones.
You are too injured to fight recklessly!
You barely miss the jackal. The jackal bites you.
You die...

### .....
.....######################
....................#.....##
........###......##.#.......
........###......##.#.......
.........##......##.#.....##
......$..gh@................
>.....†..##......##.########
.........##..)...##.########
##.......##......##.#.......
#.......##########.#.######
#.....### ########.#.#... #
#.#.#> ...........#.##.#
#.#.#. ########........# #
.... ######....)#####


You could see a jackal and a hobgoblin.

Vanquished Creatures
  A giant cockroach (D:1)
  A hobgoblin (D:1)
  A jackal (D:1)
  A bat (D:1)
  3 rats (D:1)
7 creatures vanquished.

Notes
Turn   | Place    | Note
-------+----------+-------------------------------------------
     0 | D:1      | KyoPewz the Felid Enchanter began the quest for the Orb.
     0 | D:1      | Reached XP level 1. HP: 7/7 MP: 4/4
   192 | D:1      | Slain by a jackal

Illustrated notes

Levels and vault maps discovered:
D:1:      minmay_arrival_glassed_features, layout_basic

Action                     || total
---------------------------++-------
  Melee: Unarmed           ||    24
         Bite              ||     1
   Stab: Sleeping          ||     1
 Armour: Skin              ||     3
  Dodge: Dodged            ||    26
